 Dungeon Crawl Stone Soup version 0.31-a0-675-g238779eb0a (webtiles) character file.

Game seed: 17537659248834750871

8 Bravepunisher the Ducker (level 2, 0/16 HPs)
             Began as a Spriggan Monk on Sept 5, 2023.
             Slain by an iguana (10 damage)
             ... on level 4 of the Dungeon.
             The game lasted 00:01:29 (256 turns).

Bravepunisher the Ducker (Spriggan Monk)             Turns: 256, Time: 00:01:30

Health: 0/16       AC:  3    Str:  7    XL:     2   Next: 0%
Magic:  3/3        EV: 19    Int: 11    God:
Gold:   7          SH:  0    Dex: 17    Spells: 1/1 levels left

rFire   . . .        a - +0 short sword
rCold   . . .        d - orb {light}
rNeg    . . .        b - +1 robe
rPois   .            (helmet restricted)
rElec   .            (no cloak)
rCorr   .            (gloves unavailable)
SInv    +            (boots unavailable)
Will    .....        (no amulet)
Stlth   +            (no ring)
HPRegen 0.22/turn    (no ring)
MPRegen 0.08/turn

%: no passive effects
@: glowing, very quick
A: very small, no large weapons, unfitting armour, see invisible, speed 3
a: no special abilities


You were on level 4 of the Dungeon.
You visited 1 branch of the dungeon, and saw 4 of its levels.

You collected 7 gold pieces.

Inventory:

Hand Weapons
 a - a +0 short sword (weapon)
Armour
 b - a +1 robe (worn)
 d - an orb of light (worn)


   Skills:
 + Level 2.6 Fighting
 - Level 3.2 Short Blades
 * Level 4.5 Dodging


You had one spell level left.
You didn't know any spells.
Your spell library was empty.

Dungeon Overview and Level Annotations

Branches:
Dungeon (4/15)
 Temple: D:4-7

Altars:
The Shining One


Innate Abilities, Weirdness & Mutations

You are very small and have problems with some larger weapons.
You are too small for most types of armour.
You have supernaturally acute eyesight. (SInv)
You cover ground extremely quickly. (Speed+++)


Message History

You hit the iguana.
The iguana is lightly wounded.
The iguana bites you.
You barely miss the iguana.
The iguana is lightly wounded.
The iguana completely misses you.
You are confused.
You feel invigorated. The iguana closely misses you.
The goblin begs for mercy.
You closely miss the iguana.
The iguana is lightly wounded.
The iguana closely misses you. The orc hits you with a +0 hand axe.
You bump into the rock wall.
The iguana completely misses you. The orc misses you.
You closely miss the iguana.
The iguana is lightly wounded.
The iguana completely misses you. The orc completely misses you.
You bump into the rock wall.
The iguana closely misses you. The orc completely misses you.
You bump into the rock wall.
You feel less invigorated.
You feel less confused. The iguana closely misses you.
The orc closely misses you.
You barely miss the iguana.
The iguana is lightly wounded.
The iguana completely misses you.
You hit the iguana but do no damage.
The iguana is lightly wounded.
The orc misses you.
You hit the iguana.
The iguana is moderately wounded.
The iguana hisses menacingly.
The iguana bites you. The orc barely misses you.
You hit the iguana but do no damage.
The iguana is moderately wounded.
The iguana barely misses you. The orc completely misses you.
You hit the iguana but do no damage.
The iguana is moderately wounded.
The iguana bites you!
Ouch! That really hurt!
You die...

# ## #.### .#
#######...... .#
#.gKo@l.# .#
#o######...# .# #.#
.# .# #.# .# #.#
.######## #.#
.....g.o####.##
.######....o..####.#
## #..###.#.....#


You could see an iguana, 2 orcs, a hobgoblin and a kobold.

Vanquished Creatures
  3 orcs (D:3)
  A hobgoblin (D:2)
  A bat (D:2)
5 creatures vanquished.

Notes
Turn   | Place    | Note
-------+----------+-------------------------------------------
     0 | D:1      | Bravepunisher the Spriggan Monk began the quest for the
                  | Orb.
     0 | D:1      | Reached XP level 1. HP: 11/11 MP: 2/2
   104 | D:3      | Reached XP level 2. HP: 7/16 MP: 3/3
   112 | D:3      | Found a glowing golden altar of the Shining One.
   256 | D:4      | Slain by an iguana

Illustrated notes

Levels and vault maps discovered:
D:1:      dpeg_arrival_lava_temple_mockup, layout_rooms,
          hangedman_decor_diamond_cutter
D:2:      layout_rooms
D:3:      layout_loops_cross, mainiacjoe_overflow_24_doors, tso_oasis_becter,
          serial_shops, shop, nrook_campfire
D:4:      layout_loops_ring, mainiacjoe_overflow_two_lobes, serial_glass,
          glass_columns_b, glass_columns_b, glass_columns_b, glass_columns_a,
          glass_columns_a, glass_columns_a, minivault_27

Action                     || total
---------------------------++-------
  Melee: Short sword       ||    40
    Use: Scroll            ||     2
         Potion            ||     1
 Armour: Robe              ||     9
  Dodge: Dodged            ||    47

Table legend: (Time is in decaauts)
 A = Elapsed time spent in this place.
 B = Non-inter-level travel time spent in this place.
 C = Inter-level travel time spent in this place.
 D = Time resting spent in this place.
 E = Time spent auto-exploring this place.
 F = Levels seen in this place.
 G = Mean time per level.
                   A        B        C        D        E       F      G
               +--------+--------+--------+--------+--------+-----+--------+
         Total |    182 |    182 |      0 |      0 |     77 |   4 |   45.5 |
       Dungeon |    182 |    182 |      0 |      0 |     77 |   4 |   45.5 |
               +--------+--------+--------+--------+--------+-----+--------+

Top non-repeatable levels by time:
     D:3: 78 daAuts
     D:4: 53 daAuts
     D:1: 25 daAuts
     D:2: 25 daAuts
